 Dungeon Crawl Stone Soup version 0.28.0-1-gb440e238dd (webtiles) character file.

Game seed: 8786518438919133618

86 smarlow the Covered (level 4, -24/41 HPs)
             Began as a Minotaur Fighter on Feb 23, 2022.
             Killed from afar by Ijyb (29 damage)
             ... with a bolt of acid
             ... on level 3 of the Dungeon.
             The game lasted 00:03:51 (1554 turns).

smarlow the Covered (Minotaur Fighter)              Turns: 1554, Time: 00:03:52

Health: -24/41     AC:  7    Str: 22    XL:     4   Next: 26%
Magic:  3/3        EV:  9    Int:  5    God:
Gold:   79         SH:  4    Dex: 10    Spells: 2/4 levels left

rFire   . . .      SeeInvis .   i - +4 short sword
rCold   . . .      Faith    .   c - +0 buckler
rNeg    . . .      Spirit   .   b - +0 scale mail
rPois   .          Reflect  .   (helmet restricted)
rElec   .          Harm     .   (no cloak)
rCorr   .          Rampage  .   (no gloves)
Will    .....                   (no boots)
Stlth   ..........              (no amulet)
HPRegen 0.13/turn               (no ring)
MPRegen 0.08/turn               (no ring)

@: no status effects
A: horns 2, retaliatory headbutt
a: no special abilities


You were on level 3 of the Dungeon.
You visited 1 branch of the dungeon, and saw 3 of its levels.

You collected 79 gold pieces.

Inventory:

Hand Weapons
 i - a +4 short sword (weapon)
Armour
 b - a +0 scale mail (worn)
 c - a +0 buckler (worn)
Scrolls
 e - a scroll of magic mapping {unknown}
 h - a scroll of identify {unknown}
 j - a scroll of enchant weapon {unknown}
 l - a scroll of blinking {unknown}
Potions
 a - a potion of resistance {unknown}
 d - a potion of might
 f - a potion of haste {unknown}
 g - a potion of berserk rage {unknown}
 k - a potion of degeneration {unknown}


   Skills:
 * Level 4.4 Fighting
 + Level 0.3 Short Blades
 - Level 2.9 Axes
 * Level 4.4 Armour
 * Level 4.3 Shields
 + Level 0.6 Spellcasting


You had 2 spell levels left.
You knew the following spells:

 Your Spells              Type           Power      Damage    Failure   Level
a - Blink                 Tloc           0%         N/A       95%         2

Your spell library contained the following spells:

 Spells                   Type           Power      Damage    Failure   Level
 Animate Skeleton         Necr           0%         N/A       86%         1
 Apportation              Tloc           0%         N/A       86%         1
 Summon Small Mammal      Summ           0%         N/A       86%         1
 Lesser Beckoning         Tloc           0%         N/A       99%         3
 Manifold Assault         Tloc           0%         N/A       100%        5


Dungeon Overview and Level Annotations

Branches:
Dungeon (3/15)

Altars:

Shops:
D:3 :

Annotations:
D:3 Ijyb


Innate Abilities, Weirdness & Mutations

You have a pair of horns on your head.
You reflexively headbutt those who attack you in melee.


Message History

The bat hits you but does no damage. x2
You hit the bat.
You kill the bat!
No target in view!
You now have 79 gold pieces (gained 10).
Things that are here:
a +0 club; 3 boomerangs
There is an open door here.
There is an open door here.
There is an open door here.
There is an open door here.
You open the door.
There is an open door here.
You see here a ball python corpse.
There is an open door here.
Found a stone staircase leading down.
l - a scroll labelled BADGHI CUROAC
There is a stone staircase leading down here.
There is an open door here.
There is an open door here.
There is a stone staircase leading down here.
There is an open door here.
Done exploring.
Done exploring.
You see here a +0 hand axe.
There is a stone staircase leading down here.
You climb downwards.
Found Fino's Book Shoppe.
There is a stone staircase leading up here.
Ijyb the Twisted Goblin comes into view.
She is wielding a +0 club and carrying a wand of acid (7).
Ijyb shouts!
Ijyb zaps a wand.
The bolt of acid hits you!!!
Ouch! That really hurt!
* * * LOW HITPOINT WARNING * * *
You are too injured to fight recklessly!
Okay, then.
There is a stone staircase leading up here.
Ijyb zaps a wand.
The bolt of acid hits you!!
Ouch! That really hurt!
You die...

#....#
#....#
#....####
##.......#
#...#...#
#...#.g#
#......#
###....#@#
#........#
#.♣...####
♣.∩.♣.
##♣...
#... ####


You could see Ijyb.

Vanquished Creatures
  An adder (D:2)
  2 dart slugs (D:1)
  2 orcs (D:2)
  5 bats
  7 endoplasms
  2 giant cockroaches (D:1)
  2 goblins
  7 hobgoblins
  11 jackals
  6 quokkas
  4 ball pythons
  2 frilled lizards (D:1)
  5 kobolds
  6 rats (D:1)
62 creatures vanquished.

Vanquished Creatures (others)
  2 plants (D:1)
2 creatures vanquished.

Grand Total: 64 creatures vanquished

Notes
Turn   | Place    | Note
-------+----------+-------------------------------------------
     0 | D:1      | smarlow the Minotaur Fighter began the quest for the Orb.
     0 | D:1      | Reached XP level 1. HP: 19/19 MP: 0/0
    76 | D:1      | Reached XP level 2. HP: 27/27 MP: 1/1
   308 | D:1      | Reached XP level 3. HP: 33/33 MP: 2/2
   510 | D:1      | Learned a level 2 spell: Blink
   619 | D:1      | Found a faded altar of an unknown god.
  1185 | D:2      | Reached XP level 4. HP: 39/41 MP: 3/3
  1547 | D:3      | Found Fino's Book Shoppe.
  1550 | D:3      | Noticed Ijyb
  1554 | D:3      | Killed from afar by Ijyb

Illustrated notes

Levels and vault maps discovered:
D:1:      onia_arrival_handbag, layout_rooms, chequers_ecumenical_altar_lobes,
          minmay_misc_feat_tower, minmay_quantized
D:2:      layout_basic
D:3:      layout_rooms, zin_academy, serial_shops, shop_fountains,
          nicolae_shop_trees, nicolae_lakefront_shop, nicolae_diamond_shop,
          pf_guarded_unrand_delatra, uniq_ijyb

Skill      XL: |  1  2 |
---------------+-------+-----
Armour         | 4 |  4.4
Fighting       | 4 |  4.4
Shields        | 4 |  4.3
Short Blades   | |  0.3
Axes           | |  2.9
Spellcasting   | |  0.6

Action                   |  1- 3 |  4- 6 || total
-------------------------+-------+-------++-------
Melee: War axe           |    71 |       ||    71
       Headbutt          |    14 |     3 ||    17
       Short sword       |    29 |    14 ||    43
Armor: Scale mail        |    46 |    26 ||    72
Dodge: Dodged            |    33 |    16 ||    49
Block: Buckler           |    16 |    11 ||    27
